 Dungeon Crawl Stone Soup version 0.20.0-1-g1cb1d84 (webtiles) character file.

25 FakerFangirl the Cudgeler (level 2, 0/26 HPs)
             Began as a Draconian Fighter on May 26, 2017.
             Succumbed to an adder's poison
             ... on level 1 of the Dungeon.
             The game lasted 00:00:53 (526 turns).

FakerFangirl the Cudgeler (Draconian Fighter)        Turns: 526, Time: 00:00:53

Health: 0/26       AC:  4    Str: 18    XL:     2   Next: 86%
Magic:  2/2        EV: 10    Int:  8    God:
Gold:   39         SH:  8    Dex: 10    Spells: 1/1 levels left

rFire    . . .     SeeInvis .   Y - +0 whip (curse)
rCold    . . .     Gourm    .   b - +0 shield
rNeg     . . .     Faith    .   (armour unavailable)
rPois    .         Spirit   .   (helmet restricted)
rElec    .         Reflect  .   (no cloak)
rCorr    .         Harm     .   (no gloves)
MR       .....                  (no boots)
Stlth    +.........             (no amulet)
Regen    0.1/turn               (no ring)
MPRegen  0.1/turn               (no ring)

@: lethally poisoned (0 -> -14)
A: unfitting armour, cold-blooded, AC +4
a: no special abilities


You were on level 1 of the Dungeon.
You were not hungry.

You visited 1 branch of the dungeon, and saw 2 of its levels.

You collected 39 gold pieces.


Innate Abilities, Weirdness & Mutations

Your plain brown scales are hard. (AC +4)
You cannot fit into any form of body armour.
You are cold-blooded and may be slowed by cold attacks.


   Skills:
 - Level 3.2 Fighting
 + Level 3.4 Maces & Flails
 - Level 2.6 Dodging
 - Level 3.0 Shields


You had one spell level left.
You didn't know any spells.

Inventory:

Hand Weapons
 a - a +0 flail
 Y - a cursed +0 whip (weapon)
Armour
 b - a +0 shield (worn)
Potions
 c - a potion of might
 e - 2 potions of curing
 g - a potion of ambrosia {unknown}
Comestibles
 d - 2 bread rations
 i - a meat ration

Dungeon Overview and Level Annotations

Branches:
Dungeon (2/15)

Altars:

Portals:
Abyss: D:1***


Message History

You closely miss the adder.
The adder is heavily wounded.
You feel sick. The adder bites you but does no damage.
You miss the adder.
Your tail-slap misses the adder.
The adder is heavily wounded.
You feel sick. The adder bites you.
You are more poisoned.
The adder poisons you!
You closely miss the adder.
Your tail-slap misses the adder.
The adder is heavily wounded.
You feel sick. The adder bites you.
You are more poisoned.
The adder poisons you! The adder bites you but does no damage.
You hit the adder.
The adder is severely wounded.
You feel sick. The adder bites you.
You hit the adder.
You tail-slap the adder, but do no damage.
The adder is severely wounded.
You die...

########## #........#
#........# ######
#........####.....
#.............#.##
#@S......###......
#............)..##
#........##.....##
##########........ #####
##.###..#. #...# #..#
#..#. #...#
#########.####..#.
#...###.................
#.......######..####...#


You could see an adder.

Vanquished Creatures
  An ooze (D:1)
  A dart slug (D:1)
  A leopard gecko (D:1)
  A bat (D:1)
  2 giant cockroaches (D:1)
  3 goblins (D:1)
  A hobgoblin (D:1)
  A jackal (D:1)
  A frilled lizard (D:1)
  2 kobolds (D:1)
  4 rats (D:1)
18 creatures vanquished.

Notes
Turn   | Place    | Note
-------+----------+-------------------------------------------
     0 | D:1      | FakerFangirl the Draconian Fighter began the quest for the Orb.
     0 | D:1      | Reached XP level 1. HP: 19/19 MP: 1/1
     0 | D:1      | 0 ||| counter = 87
    99 | D:1      | Reached XP level 2. HP: 26/26 MP: 2/2
   111 | D:1      | Reached skill level 3 in Maces & Flails
   411 | D:1      | 411 ||| SWAPPING to glowing whip.
   458 | D:1      | 458 ||| READING scroll labeled XETHEI NAESYR.
   461 | D:1      | 461 ||| READING scroll labeled KIACOKLIMI.
   462 | D:1      | 462 ||| DRINKING 3 black potions.
   492 | D:2      | 492 ||| STAIRDANCE
   502 | D:2      | 502 ||| STAIRDANCE
   510 | D:2      | 510 ||| STAIRDANCE
   523 | D:1      | HP: 6/26 [adder (4)]
   525 | D:1      | HP: 1/26 [adder (3)]
   526 | D:1      | Succumbed to an adder's poison

Vault maps used:
D:1:      minmay_arrival_glassed_features
D:2:      bloody_makhleb, uniq_sigmund

Skill      XL: |  1  2 |
---------------+-------+-----
Maces & Flails | 3 |  3.4
Fighting       | |  3.2
Dodging        | |  2.6
Shields        | |  3.0

Action                   || total
-------------------------++-------
Melee: Flail             ||    34
       Tailslap          ||     8
       Whip              ||    25
  Use: Scroll            ||     2
       Potion            ||     1
Armor: Skin              ||    10
Dodge: Dodged            ||    25
Block: Shield            ||    18
